Unix NetHack Version 3.7.0-71 Work-in-progress - last build Jan 31 2023 02:41:03 (7ba98a1283f2b7cec35fde026edb48fc825ab8ae,branch:master). Game began 2023-02-11 12:31:53, ended 2023-02-12 03:45:49. Gandelf, neutral male human Monk -------------------------- |a............).........>| |.----------------..u.f..| |h| ------.------- |%| |..a........| |%| |0...[.....0| |d| |----?-------- |h| |.a..........| |%| |gp..:.....%.| |1|------ --------.----- |u|mq@.Y|-- |..Gi...(..| |l|(.eS~w@| |...G......| |.|:.O.~|-| --G........| |@dd1dl.+S| ----.------- --|h....|-| |..%.....| |.c=..-.| |........| |..f.h|-- ------...| ------- ----- Gandelf the Initiate St:18/02 Dx:13 Co:17 In:12 Wi:9 Ch:9 Neutral S:15288 Dlvl:4 $:1344 HP:0(68) Pw:38(43) AC:-18 Xp:9/3396 T:8557 Satiated Blind Latest messages: You hear someone reading a scroll of create monster. The little dog misses the wererat. The little dog bites the ghoul. The ghoul misses the little dog. The ghoul misses the little dog. The pony drops a dagger. The little dog picks up a worm tooth. The little dog misses the ghoul. The little dog misses the ghoul. You hear some noises in the distance. The little dog bites the ghoul. The ghoul is destroyed! The large dog drops a killer bee corpse. You already found a monster. Use 'm' prefix to force another search. Are you waiting to get hit? Use 'm' prefix to force a no-op (to rest). You already found a monster. Use 'm' prefix to force another search. Are you waiting to get hit? Use 'm' prefix to force a no-op (to rest). You hit the ochre jelly! You hit the ochre jelly! You are splashed by the ochre jelly's acid! The ochre jelly engulfs you! You are covered in slime! It burns! You hit the ochre jelly. You hit the ochre jelly. You kill the ochre jelly! You are splashed by the ochre jelly's acid! The air around you begins to shimmer with a golden haze. What do you want to drink? [elvFHL or ?*] / You don't have that object. What do you want to drink? [elvFHL or ?*] ? A cloud of darkness falls upon you. You hit the ogre. You hear some noises. You hit the ogre. You kill the ogre! The blast of frost hits it. The blast of frost misses the warg. The blast of frost hits the little dog! The blast of frost hits you! Your ruby potion freezes and shatters! Some of your potions called water freeze and shatter! Your potion called water freezes and shatters! Your potion of blindness freezes and shatters! You hear the howling of the CwnAnnwn... You die... Do you want your possessions identified? [ynq] (y) y Do you want to see your attributes? [ynq] (y) y Do you want an account of creatures vanquished? [ynaq] (y) y Do you want to see your conduct and achievements? [ynq] (y) y Do you want to see the dungeon overview? [ynq] (y) y Inventory: Coins $ - 1344 gold pieces Amulets R - an uncursed amulet of ESP (being worn) Weapons S - 2 +0 darts (at the ready) p - 5 +0 daggers Armor P - a blessed +3 dwarvish iron helm (being worn) a - a blessed +5 pair of leather gloves (being worn) J - a blessed +3 pair of iron shoes (being worn) D - a blessed +3 dwarvish roundshield (being worn) b - a blessed +1 robe (being worn) A - an uncursed +1 robe Comestibles h - 4 uncursed apples T - an uncursed candy bar labeled "Crispy Yum Yum" d - an uncursed carrot g - 3 uncursed food rations B - 4 uncursed food rations j - an uncursed fortune cookie q - an uncursed fortune cookie i - 5 uncursed oranges t - 2 uncursed tripe rations U - 2 uncursed tripe rations N - an uncursed tin of spinach f - an uncursed egg Scrolls Y - 2 uncursed scrolls of earth X - an uncursed scroll of remove curse u - an uncursed scroll of stinking cloud Spellbooks z - an uncursed spellbook of charm monster c - a blessed spellbook of protection Potions v - an uncursed potion of gain ability e - an uncursed potion of gain energy F - 3 potions of holy water Rings y - an uncursed ring of invisibility Z - an uncursed ring of slow digestion Wands G - a wand of make invisible (0:5) m - a wand of polymorph (0:6) n - a wand of sleep (0:7) s - a wand of speed monster (0:2) O - a wand of speed monster (0:1) Tools I - a blessed magic marker (0:27) k - an uncursed skeleton key Gems/Stones x - an uncursed agate stone V - an uncursed amethyst stone C - an uncursed aquamarine stone E - an uncursed worthless piece of black glass w - 3 cursed worthless pieces of blue glass r - an uncursed worthless piece of green glass o - a cursed worthless piece of orange glass M - 2 cursed worthless pieces of red glass K - 5 uncursed worthless pieces of violet glass W - 2 uncursed worthless pieces of white glass Q - an uncursed luckstone Gandelf the Monk's attributes: Background: You were an Initiate, a level 9 male human Monk. You were neutral, on a mission for Chih Sung-tzu who was opposed by Shan Lai Ching (lawful) and Huan Ti (chaotic). You were in Sokoban, on level 4. You entered the dungeon 8557 turns ago. It was nighttime. You had 3396 experience points, 1724 more were needed to attain level 10. Your score was 15288 before end-of-game adjustments. Basics: You had 0 out of 68 hit points. You had 38 out of 43 energy points (spell power). Your armor class was -18. Your wallet contained 1344 zorkmids. Autopickup was on for '$?!+/=' plus thrown. Final Characteristics: Your strength was 18/02 (limit:18/100). Your dexterity was 13 (limit:18). Your constitution was 17 (limit:18). Your intelligence was 12 (limit:18). Your wisdom was 9 (limit:18). Your charisma was 9 (limit:18). Final Status: You were temporarily blind. You were satiated. You were unencumbered. You were empty handed. You had basic skill with martial arts and could have enhanced that. Final Attributes: You were piously aligned. You were sleep resistant. You were poison resistant. You would have seen invisible when not blind. You were telepathic. You were warned. You had automatic searching. You were stealthy. You had a small defense bonus (+4). You were guarded. You were fast. You were lucky. You had extra luck. Bad luck did not time out for you. Good luck did not time out for you. You are dead. Miscellaneous: You encountered 1 bones level. Total elapsed playing time was 1 hour, 29 minutes and 52 seconds. Major events: Turn 1: Gandelf the neutral male human Monk entered the dungeon 820: entered the Gnomish Mines 1224: attained the rank of Novice (level 3) 2516: reached Mine Town 2535: attained the rank of Initiate (level 6) 2535: destroyed Gandelf's ghost, the former Initiate 5821: entered Sokoban 6450: completed 1st Sokoban level 7005: completed 2nd Sokoban level 7448: completed 3rd Sokoban level 8379: completed 4th Sokoban level 8557: killed by a blast of frost Vanquished creatures: a ghost 2 giant mimics a long worm a water demon a xan 3 ogre leaders a gelatinous cube a dwarf ruler an ochre jelly an elf mummy a human mummy a red naga a wraith 2 leather golems a giant beetle a quivering blob 2 wolves a gremlin a leprechaun a black light 2 dwarf mummies an ogre 2 owlbears 2 gold golems 3 lizards a dingo a dog a dwarf leader a blue jelly a white unicorn a dust vortex a raven 2 gnome mummies 2 snakes 2 Woodland-elves 3 soldier ants an imp a quasit 2 water nymphs a rock piercer a rock mole a yellow light 2 shriekers 2 violet fungi 3 gnome leaders a gray ooze 2 ghouls a straw golem a giant ant 4 floating eyes 4 dwarves 2 kobold leaders a kobold shaman 6 hill orcs 9 rothes a centipede a giant bat 3 monkeys an orc zombie a dwarf zombie a wererat 3 iguanas 12 killer bees a coyote a gas spore a hobbit 16 manes a large kobold a hobgoblin 2 giant rats 6 cave spiders a brown mold 18 gnomes 4 gnome zombies 5 geckos 6 jackals 2 foxes 2 kobolds 2 goblins a sewer rat a grid bug 2 bats 6 lichens 11 newts 209 creatures vanquished. No species were genocided or became extinct. Voluntary challenges: You followed a strict vegan diet. You read items or engraved 16 times. You never engraved Elbereth. You never genocided any monsters. You never polymorphed an object. You never changed form. You used no wishes. You did not violate any of the special Sokoban rules. Achievements: You entered the Gnomish Mines. You attained the rank of Novice. You entered Minetown. You attained the rank of Initiate. You entered a temple. You entered a shop. You entered Sokoban. The Dungeons of Doom: levels 1 to 8 Level 1: Some fountains, a sink. Level 2: Level 3: An altar to Chih Sung-tzu. Stairs down to The Gnomish Mines. Level 4: Some fountains. Level 5: A sink, a grave. Level 6: Level 7: Many fountains. Level 8: Some altars. Stairs up to Sokoban, level 7. The Gnomish Mines: levels 4 to 6 Level 4: Level 5: Level 6: Many shops, a temple, some fountains, a sink, a grave. Final resting place for Gandelf-Mon-Hum-Mal-Neu, killed by a soldier ant. Sokoban: levels 7 up to 4 Level 4: <- You were here. Solved. Final resting place for you, killed by a blast of frost. Level 5: Solved. Level 6: Solved. Level 7: Solved. Game over: ---------- / \ / REST \ / IN \ / PEACE \ / \ | Gandelf | | 1344 Au | | killed by a | | blast of frost | | | | | | 2023 | *| * * * | * _________)/\\_//(\/(/\)/\//\/|_)_______ Goodbye Gandelf the Monk... You died in Sokoban on dungeon level 4 with 15154 points, and 1344 pieces of gold, after 8557 moves. You were level 9 with a maximum of 68 hit points when you died.